AoeStats
← hemsse01

Arabia

505345796Analyzed
3v3 RM · 24d ago on Sep 9, 2026· 91m 32s· 6 players
Game mode
Random Map
Map size
Normal (6 player)
Population
200
Speed
Normal
Resources
Standard
Victory
Conquest
Starting age
Dark Age
Ending age
Imperial Age
RankedLock teamsTeams togetherTeam positionsShared explorationLock speedFull tech treeHidden civsTurbo modeCheats
Victory
Defeat
🇺🇸 Teutons · United States
906
+55
🇺🇸 Goths · United States
906
+55
🇺🇸 Franks · United States
906
+55
🇰🇪 Malay · Kenya
1000
-63
🇦🇷 Huns · Argentina
991
-20
🇭🇰 Vietnamese · Hong Kong SAR China
931
-17
Nemesis6410
1:28 Loom
11:33 Feudal Age
18:07 Castle Age
17:12 Scale Barding Armor
17:35 Gold Mining
21:16 Fletching
21:40 Double-Bit Axe
28:01 Gold Shaft Mining
30:59 Imperial Age
30:00 Bodkin Arrow
31:42 Bracer
32:48 Wheelbarrow
33:24 Parthian Tactics
35:42 Padded Archer Armor
35:49 Heavy Cavalry Archer
38:37 Chemistry
38:50 Leather Archer Armor
40:11 Chain Barding Armor
40:42 Horse Collar
41:16 Bow Saw
43:47 Plate Barding Armor
43:54 Elite Skirmisher
45:06 Light Cavalry
46:57 Bloodlines
46:50 Husbandry
47:05 Forging
48:10 Hand Cart
53:01 Hussar
56:25 Iron Casting
60:28 Blast Furnace
69:35 Cavalier
84:20 Paladin
Disconnected
10:34 Feudal Age
14:40 Castle Age
13:57 Double-Bit Axe
16:47 Wheelbarrow
17:51 Scale Mail Armor
29:23 Horse Collar
30:49 Heavy Plow
33:33 Bow Saw
38:56 Imperial Age
40:08 Chatras
40:19 Scale Barding Armor
41:03 Forging
41:08 Bloodlines
40:59 Husbandry
41:28 Elite Battle Elephant
43:13 Crop Rotation
43:51 Chain Barding Armor
46:13 Iron Casting
45:48 Fletching
46:39 Murder Holes
48:35 Elite Rattan Archer
55:22 Plate Barding Armor
54:30 Light Cavalry
69:24 Gold Mining
scarex_meyerr
13:49 Feudal Age
13:44 Double-Bit Axe
16:13 Horse Collar
18:14 Wheelbarrow
19:06 Scale Barding Armor
19:12 Gold Mining
24:12 Castle Age
24:16 Hand Cart
24:11 Heavy Plow
24:23 Bow Saw
25:02 Caravan
25:48 Forging
25:29 Fletching
26:49 Gold Shaft Mining
26:05 Stone Mining
27:12 Man-at-Arms
27:15 Pikeman
27:56 Squires
27:42 Arson
28:04 Husbandry
27:25 Light Cavalry
28:49 Stone Shaft Mining
28:29 Light Cavalry
29:14 Padded Archer Armor
29:14 Long Swordsman
31:47 Iron Casting
31:27 Leather Archer Armor
31:46 Bodkin Arrow
75:53 Imperial Age
81:14 Halberdier
81:16 Two-Handed Swordsman
83:08 Chemistry
88:00 Bracer
89:03 Blast Furnace
88:34 Ring Archer Armor
hemsse01
10:40 Feudal Age
13:04 Loom
18:43 Castle Age
17:06 Double-Bit Axe
18:17 Scale Mail Armor
21:50 Scale Barding Armor
21:56 Forging
24:03 Pikeman
31:35 Iron Casting
35:36 Wheelbarrow
34:57 Elite Skirmisher
36:30 Padded Archer Armor
36:21 Fletching
37:50 Leather Archer Armor
45:44 Bodkin Arrow
61:22 Imperial Age
60:59 Hand Cart
67:59 Halberdier
72:11 Gambesons
75:20 Blast Furnace
74:39 Chain Mail Armor
75:25 Blast Furnace
Nasakev
5:04 Loom
10:39 Feudal Age
11:49 Horse Collar
15:01 Double-Bit Axe
17:33 Scale Mail Armor
21:05 Castle Age
20:38 Forging
20:23 Fletching
20:22 Man-at-Arms
22:01 Pikeman
22:41 Squires
23:40 Bow Saw
23:33 Heavy Plow
25:02 Man-at-Arms
25:28 Gambesons
25:54 Long Swordsman
29:02 Chain Mail Armor
29:23 Iron Casting
31:00 Wheelbarrow
30:11 Town Watch
31:09 Bodkin Arrow
32:56 Gold Mining
37:02 Imperial Age
38:15 Elite Skirmisher
39:05 Padded Archer Armor
39:36 Plate Mail Armor
40:06 Blast Furnace
40:47 Crenellations
40:50 Conscription
41:07 Hoardings
40:59 Elite Teutonic Knight
43:59 Chemistry
43:59 Hand Cart
45:08 Two-Man Saw
44:42 Crop Rotation
44:20 Capped Ram
45:25 Ironclad
46:27 Stone Mining
46:57 Leather Archer Armor
47:22 Ballistics
47:11 Siege Engineers
46:46 Halberdier
55:15 Ballistics
57:54 Town Patrol
69:11 Two-Handed Swordsman
74:30 Arson
74:06 Champion
hemsch01
3:04 Loom
12:18 Feudal Age
14:35 Double-Bit Axe
14:35 Horse Collar
14:49 Gold Mining
18:11 Castle Age
16:39 Man-at-Arms
18:18 Scale Mail Armor
18:57 Forging
19:26 Long Swordsman
21:44 Bow Saw
22:52 Wheelbarrow
23:50 Pikeman
34:16 Iron Casting
37:37 Chain Mail Armor
44:00 Imperial Age
43:13 Fletching
44:34 Squires
44:46 Halberdier
46:29 Blast Furnace
44:52 Two-Handed Swordsman
45:03 Capped Ram
50:32 Champion
53:32 Hand Cart
53:03 Town Watch
54:26 Two-Man Saw
53:30 Heavy Plow
59:30 Anarchy
59:34 Perfusion
76:14 Padded Archer Armor
76:09 Bodkin Arrow
76:19 Elite Skirmisher
90:26 Crop Rotation
Connection lost

Rejoining the realm…

Still unreachable

The connection could not be restored.

Session expired

The server has moved on; the page needs a fresh start.